 Dungeon Crawl Stone Soup version 0.20.0-15-g7f486f2 (webtiles) character file.

128 miragecloak the Cudgeler (level 5, 0/32 HPs)
             Began as a Gargoyle Abyssal Knight on June 28, 2017.
             Was a Follower of Lugonu.
             Slain by an orc
             ... wielding a +0 mace
              (2 damage)
             ... on level 3 of the Dungeon.
             The game lasted 00:03:36 (2226 turns).

miragecloak the Cudgeler (Gargoyle Abyssal Knight)  Turns: 2226, Time: 00:03:38

Health: 0/32       AC:  7    Str: 16    XL:     5   Next: 12%
Magic:  6/6        EV: 11    Int: 12    God:    Lugonu [*.....]
Gold:   130        SH:  4    Dex: 10    Spells: 4/4 levels left

rFire    . . .     SeeInvis .   i - +0 whip (pain)
rCold    . . .     Gourm    .   e - +0 buckler
rNeg     + . .     Faith    .   o - +0 leather armour (curse)
rPois    ∞         Spirit   .   (no helmet)
rElec    +         Reflect  .   (no cloak)
rCorr    .         Harm     .   (no gloves)
MR       .....                  (no boots)
Stlth    +.........             (no amulet)
Regen    0.1/turn               (no ring)
MPRegen  0.1/turn               (no ring)

@: invisible
A: negative energy resistance 1, electricity resistance, unbreathing,
petrification resistance, rot immunity, AC +4
a: Depart the Abyss, Renounce Religion


You were on level 3 of the Dungeon.
You worshipped Lugonu.
Lugonu was aware of your devotion.
You were hungry.

You visited 1 branch of the dungeon, and saw 3 of its levels.
You visited the Abyss 1 time.

You collected 130 gold pieces.

Inventory:

Hand Weapons
 a - a +1 mace
 i - a +0 whip of pain (weapon)
Armour
 e - a +0 buckler (worn)
 o - a cursed +0 leather armour (worn)
Jewellery
 n - an uncursed ring of stealth {unknown}
Wands
 q - a wand of flame (11/48)
Scrolls
 b - a scroll of recharging {unknown}
 d - a scroll of immolation {unknown}
 f - a scroll of fear {unknown}
 j - 2 scrolls of identify {unknown}
 k - a scroll of teleportation {unknown}
 l - a scroll of remove curse {unknown}
 p - a scroll of noise {unknown}
Potions
 g - a potion of invisibility
 h - a potion of berserk rage {unknown}
Comestibles
 c - a bread ration
 m - a meat ration


   Skills:
 - Level 3.2 Fighting
 - Level 4.2 Maces & Flails
 - Level 2.1 Armour
 - Level 0.7 Dodging
 + Level 2.9 Shields
 - Level 2.0 Invocations


You had 4 spell levels left.
You didn't know any spells.

Dungeon Overview and Level Annotations

Branches:
Dungeon (3/15)

Altars:
Ashenzari
Hepliaklqana
Okawaru


Innate Abilities, Weirdness & Mutations

You are resistant to torment.
Your stone body is resilient. (AC +4)
You are immune to poison.
You resist negative energy. (rN+)
You are resistant to electric shocks. (rElec)
You can survive without breathing.
You are immune to petrification.
You are immune to rotting.


Message History

The orc wizard is moderately wounded.
The orc wizard hits you but does no damage.
The orc hits you but does no damage.
Your shield prevents you from hitting the orc wizard.
The orc wizard is moderately wounded.
The orc wizard hits you but does no damage.
The orc hits you from afar with a trident.
* * * LOW HITPOINT WARNING * * *
You closely miss the orc wizard.
The orc wizard is moderately wounded.
The orc wizard barely misses you. The orc barely misses you.
The orc completely misses you. The orc wizard hits you with a dagger.
* * * LOW HITPOINT WARNING * * *
It was a potion of invisibility.
You fade into invisibility!
The orc wizard points at you and mumbles some strange words.
The magic dart hits you!
* * * LOW HITPOINT WARNING * * *
The orc barely misses you. The orc hits you with a mace.
You die...

#############
##...........#
#........o@...#
#.#######o##..#
#.....o.(#..#
#........#..####
#.!......#.....######
#........#..#.......#
#........#........#.#
#........#.#......#.#
#........#......#.#.#


You could see an orc wizard and 2 orcs.

Vanquished Creatures
  An orc wizard (D:3)
  3 adders
  2 oozes
  2 worms (D:3)
  9 orcs
  4 giant cockroaches
  3 goblins
  5 hobgoblins
  A kobold (D:1)
  A quokka (D:2)
  10 bats
  4 frilled lizards
  6 rats
51 creatures vanquished.

Notes
Turn   | Place    | Note
-------+----------+-------------------------------------------
     0 | Abyss:1  | miragecloak the Gargoyle Abyssal Knight began the quest for the Orb.
     0 | Abyss:1  | Reached XP level 1. HP: 14/14 MP: 2/2
    68 | Abyss:1  | Noticed a smoke demon
    69 | D:1      | Escaped the Abyss
   169 | D:1      | Reached XP level 2. HP: 13/19 MP: 3/3
   280 | D:1      | Reached * piety under Lugonu
   413 | D:1      | Reached skill level 3 in Maces & Flails
   528 | D:2      | Reached XP level 3. HP: 18/23 MP: 4/4
   530 | D:2      | Found a hazy altar of Hepliaklqana.
   629 | D:2      | You fall through a shaft!
   833 | D:3      | Found a shattered altar of Ashenzari.
   862 | D:2      | Reached skill level 4 in Maces & Flails
  1322 | D:2      | Reached XP level 4. HP: 28/28 MP: 5/5
  1585 | D:3      | Found an iron altar of Okawaru.
  1688 | D:2      | Reached skill level 1 in Shields
  1894 | D:3      | Reached XP level 5. HP: 23/32 MP: 6/6
  2226 | D:3      | Slain by an orc

Skill      XL: |  1  2  3  4 |
---------------+-------------+-----
Maces & Flails | 3 4 |  4.2
Shields        | 2 |  2.9
Fighting       | |  3.2
Armour         | |  2.1
Dodging        | |  0.7
Invocations    | |  2.0

Action                   |  1- 3 |  4- 6 || total
-------------------------+-------+-------++-------
Melee: Mace              |   119 |    33 ||   152
       Whip              |       |    79 ||    79
Invok: Depart the Abyss  |     1 |       ||     1
  Use: Potion            |       |     1 ||     1
  Eat: Chunk             |     1 |     3 ||     4
Armor: Leather armour    |    48 |    45 ||    93
       Robe              |    15 |       ||    15
Dodge: Dodged            |    57 |    64 ||   121
Block: Buckler           |     7 |    17 ||    24
